AoeStats
← bvh-*****

MegaRandom

509055563Analyzed
2v2 RM · 6d ago on Sep 25, 2026· 44m 44s· 4 players
Game mode
Random Map
Map size
Medium (4 player)
Population
200
Speed
Normal
Resources
Standard
Victory
Conquest
Starting age
Dark Age
Ending age
Imperial Age
RankedLock teamsTeams togetherTeam positionsShared explorationLock speedFull tech treeHidden civsTurbo modeCheats
Victory
Defeat
🇦🇺 Teutons · Australia
741
+26
🇦🇺 Celts · Australia
695
+25
🇸🇦 Franks · Saudi Arabia
796
-19
🇳🇱 Burgundians · Netherlands
743
-17
centi
11:05 Feudal Age
12:49 Wheelbarrow
12:10 Double-Bit Axe
13:02 Man-at-Arms
19:00 Forging
18:51 Scale Mail Armor
25:31 Castle Age
25:37 Pikeman
25:37 Long Swordsman
26:35 Squires
27:09 Gambesons
34:19 Fishing Lines
36:23 Arson
37:51 Loom
41:51 Hand Cart
42:05 Crossbowman
chowbrandon038
12:19 Feudal Age
13:57 Double-Bit Axe
15:51 Wheelbarrow
19:06 Castle Age
bvh-*****
10:55 Feudal Age
16:56 Castle Age
18:36 Fletching
20:19 Double-Bit Axe
24:07 Bodkin Arrow
31:30 Imperial Age
29:55 Medium Warships
29:39 Town Watch
30:29 Wheelbarrow
30:42 Forging
30:38 Scale Barding Armor
32:04 Hand Cart
32:46 Treadmill Crane
34:07 Chemistry
33:28 Ballistics
xTc
10:42 Feudal Age
15:20 Castle Age
16:04 Husbandry
17:54 Double-Bit Axe
18:02 Gold Mining
19:36 Scale Barding Armor
19:42 Forging
21:07 Bow Saw
21:36 Gold Shaft Mining
26:05 Chain Barding Armor
Connection lost

Rejoining the realm…

Still unreachable

The connection could not be restored.

Session expired

The server has moved on; the page needs a fresh start.